 Dungeon Crawl Stone Soup version 0.25.1-2-g60ff931df9 (webtiles) character file.

Game seed: 10227426442883719901

163 Martska the Skirmisher (level 5, 0/47 HPs)
             Began as a Minotaur Fighter on Oct 2, 2020.
             Slain by a gnoll shaman
             ... wielding a +0 club
              (2 damage)
             ... on level 3 of the Dungeon.
             The game lasted 00:02:20 (1974 turns).

Martska the Skirmisher (Minotaur Fighter)           Turns: 1974, Time: 00:02:20

Health: 0/47       AC:  7    Str: 21    XL:     5   Next: 20%
Magic:  4/4        EV:  8    Int:  5    God:
Gold:   72         SH:  9    Dex: 10    Spells: 4/4 levels left

rFire    . . .     SeeInvis .   a - +0 war axe
rCold    . . .     Gourm    .   c - +0 kite shield
rNeg     . . .     Faith    .   b - +0 scale mail
rPois    .         Spirit   .   (helmet restricted)
rElec    .         Reflect  .   (no cloak)
rCorr    .         Harm     .   (no gloves)
MR       .....                  (no boots)
Stlth    +.........             (no amulet)
HPRegen  0.15/turn              s - ring of stealth
MPRegen  0.09/turn              (no ring)

@: mighty
A: retaliatory headbutt, horns 2
a: no special abilities


You were on level 3 of the Dungeon.
You were not hungry.

You visited 1 branch of the dungeon, and saw 3 of its levels.

You collected 72 gold pieces.

Inventory:

Hand Weapons
 a - a +0 war axe (weapon)
Armour
 b - a +0 scale mail (worn)
 c - a +0 kite shield (worn)
Jewellery
 q - an uncursed amulet of magic regeneration
 s - a ring of stealth (left hand)
Scrolls
 h - 5 scrolls of identify {unknown}
 i - a scroll of amnesia {unknown}
 j - a scroll of teleportation {unknown}
 m - a scroll of random uselessness {unknown}
 o - a scroll of remove curse {unknown}
 p - 2 scrolls of enchant weapon {unknown}
Potions
 e - a potion of magic {unknown}
 k - a potion of stabbing {unknown}
 l - a potion of flight {unknown}
 n - a potion of resistance {unknown}
 r - a potion of curing {unknown}
 t - a potion of lignification {unknown}
 u - a potion of mutation {unknown}
Comestibles
 f - 8 rations
 g - 10 chunks of flesh


   Skills:
 * Level 4.8 Fighting
 * Level 3.8 Axes
 * Level 4.7 Armour
 * Level 2.4 Dodging
 - Level 3.6 Shields


You had 4 spell levels left.
You didn't know any spells.
Your spell library was empty.

Dungeon Overview and Level Annotations

Branches:
Dungeon (3/15)

Altars:
Makhleb


Innate Abilities, Weirdness & Mutations

You reflexively headbutt those who attack you in melee.
You have a pair of horns on your head.


Message History

You slash the gnoll shaman!
The gnoll shaman is heavily wounded.
You block the gnoll's attack.
The gnoll shaman hits you but does no damage.
You block the gnoll's attack.
You closely miss the gnoll shaman.
The gnoll shaman is heavily wounded.
You block the gnoll's attack.
The gnoll shaman hits you with a +0 club.
* * * LOW HITPOINT WARNING * * *
You block the gnoll's attack.
You slash the gnoll shaman!
The gnoll shaman is almost dead.
The gnoll hits you from afar with a +0 halberd.
* * * LOW HITPOINT WARNING * * *
The gnoll hits you from afar with a +0 spear!
* * * LOW HITPOINT WARNING * * *
You block the gnoll's attack.
The gnoll shaman hits you with a +0 club.
You die... ..+ g'##### g...... gggg... ggg.... gggg.

##gg## #######@g..#
+.(...'....+
#######....#
######''''#######
...................
≈≈≈≈≈≈≈....≈≈≈≈≈≈≈≈
≈≈≈≈≈≈≈....≈≈≈≈≈≈≈≈
≈≈≈≈≈≈≈....≈≈≈≈≈≈≈≈
...)..............


You could see a gnoll shaman and 15 gnolls.

Vanquished Creatures
  5 adders
  3 gnolls (D:3)
  An ooze (D:1)
  A worm (D:3)
  3 dart slugs
  7 leopard geckos
  A ball python (D:2)
  5 bats
  2 giant cockroaches
  6 goblins
  5 hobgoblins
  12 jackals
  A quokka (D:3)
  5 frilled lizards
  6 kobolds
  6 rats
69 creatures vanquished.

Notes
Turn   | Place    | Note
-------+----------+-------------------------------------------
     0 | D:1      | Martska the Minotaur Fighter began the quest for the Orb.
     0 | D:1      | Reached XP level 1. HP: 19/19 MP: 0/0
   244 | D:1      | Reached XP level 2. HP: 24/27 MP: 1/1
   450 | D:1      | Reached skill level 1 in Dodging
   491 | D:1      | Reached XP level 3. HP: 28/33 MP: 2/2
  1078 | D:2      | Found a burning altar of Makhleb.
  1085 | D:2      | Reached XP level 4. HP: 41/41 MP: 3/3
  1087 | D:2      | Noticed a balrug
  1253 | D:2      | Noticed a neqoxec
  1253 | D:2      | Noticed a smoke demon
  1802 | D:3      | Reached XP level 5. HP: 33/47 MP: 4/4
  1964 | D:3      | Noticed an ogre
  1974 | D:3      | HP: 2/47 [gnoll/+0 spear (7)]
  1974 | D:3      | Slain by a gnoll shaman

Illustrated notes

Levels and vault maps discovered:
D:1:      dpeg_arrival_tiny_a, layout_loops_ring
D:2:      layout_rooms, makhleb_altar_promises_db, serial_corexii_hall,
          corexii_hall_statues_u, corexii_hall_statues_l
D:3:      lemuel_castle_with_subvaults [lemuel_castle_interior_original],
          layout_loops_ring, due_unseen_surprise, uniq_robin

Skill      XL: |  1  2  3  4 |
---------------+-------------+-----
Fighting       | 4 |  4.8
Armour         | 4 |  4.7
Dodging        | 1 2 |  2.4
Axes           | 3 |  3.8
Shields        | |  3.6

Action                   |  1- 3 |  4- 6 || total
-------------------------+-------+-------++-------
Melee: War axe           |    81 |    75 ||   156
       Headbutt          |    14 |    14 ||    28
  Use: Potion            |       |     1 ||     1
  Eat: Chunk             |     1 |     3 ||     4
Armor: Scale mail        |    35 |    30 ||    65
Dodge: Dodged            |    36 |    28 ||    64
Block: Kite shield       |    47 |    61 ||   108
